 Dungeon Crawl Stone Soup version 0.25.1-2-g60ff931df9 (webtiles) character file.

Game seed: 8432723085197611992

150 DerDa the Chiller (level 5, -2/63 HPs)
             Began as a Naga Ice Elementalist on Aug 23, 2020.
             Slain by Pikel
             ... wielding a +1 whip of electrocution
              (6 damage)
             ... on level 3 of the Dungeon.
             The game lasted 00:11:39 (3716 turns).

DerDa the Chiller (Naga Ice Elementalist)           Turns: 3716, Time: 00:11:39

Health: -2/63      AC:  3    Str:  9 (10) XL:     5   Next: 32%
Magic:  9/10       EV: 10    Int: 15 (17) God:
Gold:   189        SH:  0    Dex:  9 (11) Spells: 3/10 levels left

rFire    . . .     SeeInvis +   v - +1 dagger (venom)
rCold    . . .     Gourm    .   (no shield)
rNeg     . . .     Faith    .   a - +0 robe
rPois    +         Spirit   .   (no helmet)
rElec    .         Reflect  .   r - +0 cloak
rCorr    .         Harm     .   (no gloves)
MR       .....                  (no barding)
Stlth    ..........             (no amulet)
HPRegen  0.20/turn              (no ring)
MPRegen  0.12/turn              (no ring)

@: berserking, stab, hasted, quick
A: large, see invisible, deformed body, poison resistance, slowness 2, slow
metabolism 1, spit poison 1, AC +1
a: Spit Poison


You were on level 3 of the Dungeon.
You were not hungry.

You visited 1 branch of the dungeon, and saw 4 of its levels.

You collected 189 gold pieces.

Inventory:

Hand Weapons
 f - a +0 club
 h - a +0 short sword
 v - a +1 dagger of venom (weapon)
Missiles
 e - 185 stones (quivered)
Armour
 a - a +0 robe (worn)
 r - a +0 cloak (worn)
Magical Staves
 u - an uncursed staff of wizardry
Scrolls
 b - a scroll of noise {unknown}
 i - 3 scrolls of identify {unknown}
 j - 3 scrolls of magic mapping {unknown}
 k - 4 scrolls of remove curse {unknown}
 m - a scroll of fog {unknown}
 n - 2 scrolls of enchant weapon {unknown}
 p - 2 scrolls of amnesia {unknown}
 t - 3 scrolls of teleportation {unknown}
Potions
 q - a potion of degeneration
Comestibles
 c - 3 rations
 l - 2 chunks of flesh


   Skills:
 - Level 1.5 Dodging
 + Level 4.5 Stealth
 * Level 3.4 Spellcasting
 * Level 5.1 Ice Magic


You had 3 spell levels left.
You knew the following spells:

 Your Spells              Type           Power        Failure   Level  Hunger
a - Freeze                Ice            ###.         2%          1    None
b - Frozen Ramparts       Ice            ###...       7%          3    ###....
c - Ozocubu's Armour      Chrm/Ice       ##......     21%         3    ###....

Your spell library contained the following spells:

 Spells                   Type           Power        Failure   Level  Hunger
 Summon Small Mammal      Summ           #...         19%         1    None
 Call Imp                 Summ           #.......     28%         2    ##.....
 Call Canine Familiar     Summ           #.......     50%         3    ###....
 Summon Guardian Golem    Hex/Summ       #.......     50%         3    ###....
 Hailstorm                Conj/Ice       ##......     54%         4    ####...
 Summon Ice Beast         Ice/Summ       ##......     54%         4    ####...
 Summon Lightning Spire   Summ/Air       #.......     88%         4    ####...


Dungeon Overview and Level Annotations

Branches:
Dungeon (4/15)
 Temple: D:4-7

Altars:

Annotations:
D:3 Pikel


Innate Abilities, Weirdness & Mutations

You cannot wear boots.
Your serpentine skin is tough. (AC +1)
You have supernaturally acute eyesight. (SInv)
Armour fits poorly on your strangely shaped body.
Your system is resistant to poisons. (rPois)
You cover ground very slowly.
You have a slow metabolism.
You can spit poison.


Message History

A red film seems to cover your vision as you go berserk!
You feel yourself moving faster!
You feel mighty!
Pikel hits you with a +1 whip of electrocution.
* * * LOW HITPOINT WARNING * * *
You barely miss Pikel. The slave closely misses you.
Your +1 dagger of venom begins to drip with poison!
v - a +1 dagger of venom (weapon)
Pikel hits you with a +1 whip of electrocution.
* * * LOW HITPOINT WARNING * * *
You hit Pikel but do no damage.
Pikel looks even sicker.
The slave hits you but does no damage.
You barely miss Pikel.
Pikel hits you with a +1 whip of electrocution.
* * * LOW HITPOINT WARNING * * *
The slave hits you.
* * * LOW HITPOINT WARNING * * *
You puncture Pikel!
Pikel looks as sick as possible!
Pikel is moderately wounded.
Pikel hits you with a +1 whip of electrocution.
You die...

.##....###########♣♣.♣♣##.##
(......### #......#
.........###### #..#####
.......#......# #.##
##.###.#......# #..# ...#
#........# ##.#
##.###.#......# #.#
##............#######.#
.....#########hK@p..#.#
####.#########h####.#.#
#.##.....##.####.#.#
#.##.#...........#.#
#.##.#.#.#..#.##.#.#
#......#.#..#......#
####.###.#.......###
#.###.#.#####.#
#.....#....<..#


You could see Pikel (extremely poisoned), a slave, a hound and a jackal.

Vanquished Creatures
  An orc wizard (D:3)
  2 adders (D:2)
  4 worms
  2 dart slugs (D:2)
  3 leopard geckos (D:3)
  4 orcs
  9 bats
  8 giant cockroaches
  18 goblins
  7 hobgoblins
  A jackal (D:3)
  6 kobolds
  A ball python (D:1)
  5 frilled lizards
  7 rats (D:1)
78 creatures vanquished.

Notes
Turn   | Place    | Note
-------+----------+-------------------------------------------
     0 | D:1      | DerDa the Naga Ice Elementalist began the quest for the
                  | Orb.
     0 | D:1      | Reached XP level 1. HP: 15/15 MP: 3/3
   123 | D:1      | Reached XP level 2. HP: 16/22 MP: 0/5
   967 | D:1      | Reached XP level 3. HP: 26/28 MP: 3/6
   972 | D:1      | Learned a level 3 spell: Frozen Ramparts
   976 | D:1      | Learned a level 3 spell: Ozocubu's Armour
  1590 | D:2      | Reached XP level 4. HP: 14/36 MP: 0/8
  3236 | D:3      | Reached XP level 5. HP: 40/42 MP: 6/9
  3498 | D:4      | Noticed a slave
  3499 | D:4      | Noticed Pikel
  3500 | D:4      | Noticed a slave
  3502 | D:3      | Reached skill level 5 in Ice Magic
  3701 | D:4      | Noticed a slave
  3701 | D:4      | Noticed a slave
  3716 | D:3      | Slain by Pikel

Illustrated notes

Levels and vault maps discovered:
D:1:      dpeg_arrival_round_b, layout_basic, grunt_decor_fettered
D:2:      layout_basic, minmay_between
D:3:      layout_loops_cross, serial_bayou_crossing
D:4:      layout_rooms, minmay_temple_entry_junction, first_ration,
          hangedman_decor_diamond_cutter, uniq_pikel, uniq_natasha,
          uniq_blork_the_orc, uniq_eustachio

Skill      XL: |  1  2  3  4  5 |
---------------+----------------+-----
Stealth        | 4 |  4.5
Spellcasting   | 3 |  3.4
Ice Magic      | 5 |  5.1
Dodging        | |  1.5

Action                   |  1- 3 |  4- 6 || total
-------------------------+-------+-------++-------
Melee: Club              |     4 |       ||     4
       Short sword       |     4 |    12 ||    16
       Staff             |       |     6 ||     6
       Dagger            |       |     3 ||     3
Throw: Stone             |     2 |       ||     2
 Cast: Freeze            |    49 |    62 ||   111
 Abil: Spit Poison       |     9 |     7 ||    16
  Use: Potion            |       |     6 ||     6
 Stab: Sleeping          |       |     3 ||     3
  Eat: Chunk             |     2 |     6 ||     8
Armor: Robe              |     8 |    21 ||    29
Dodge: Dodged            |    24 |    41 ||    65
